cohdb
Replays
Latest Replays
All Replays
Popular Replays
Top Player Replays
Match Explorer
How It Works
Community
CoH3 Stats
Reddit
Sign in to upload your games and track your stats! →
Sign in with Steam
Match 47340926
Unlisted
Match 47340926
Overview
Messages
Build Orders
End
Construct Weapon Support Center
Selects Armored Battlegroup
Selects Assault Engineers
Assault Engineer Squad
Bazooka Squad
Assault Engineer Squad
Bazooka Squad
Mechanized Support Center
Construct Medical Station
Assault Engineer Squad
Construct Motor Pool
Bazooka Squad
Assault Engineer Squad
Improved M9 Bazooka Rockets
Assault Engineer Squad
Assault Engineer Squad
Selects M31 Recovery Vehicle
Selects War Machine
Selects Fast Deploy
Construct Tank Depot
Selects Seek and Destroy
Bazooka Squad
Designate Forward Repair Station
Selects UNKNOWN (2160077)
M4A3E8 Sherman Easy Eight
Assault Engineer Squad
Bazooka Squad
M4A3E8 Sherman Easy Eight
M4A3E8 Sherman Easy Eight
Improvised Armor
Assault Engineer Squad
Assault Engineer Squad
M4A3E8 Sherman Easy Eight
ConcernedApe
Silverstatic
Dima
faunusflora
0
0
Comments
sign in to comment!
No comments posted yet!